Arrhythmia, neutral female human Tourist -- --- |...@| |...' ----.- Arrhythmia the Excursionist Experience level: 7 Strength: 11 Dexterity: 13 Constitution: 16 Intelligence: 13 Wisdom: 8 Charisma: 15 Health: 0(58) Energy: 46(46) AC: -1 Gold: 1042 Moves: 3943 Your Inventory: Coins $ - 1042 gold pieces Weapons a - an [uncursed +0] runed dagger [elven] e - 3 uncursed +2 darts (in quiver) p - an [uncursed] +0 dagger (weapon in hand) X - 2 [uncursed +0] darts Armor j - an uncursed +0 Hawaiian shirt (being worn) x - an [uncursed] +2 iron skull cap [orcish helm] (being worn) A - an [uncursed] +0 coarse mantelet [orcish cloak] (being worn) T - a cursed +0 pair of hard shoes [iron] (being worn) Z - an [uncursed] +1 elven mithril-coat (being worn) Comestibles b - 9 uncursed food rations c - an uncursed clove of garlic z - an [uncursed] tripe ration Scrolls h - a blessed scroll of magic mapping i - 3 uncursed scrolls of magic mapping E - an [uncursed] scroll of identify M - a blessed scroll of blank paper Q - a cursed scroll of destroy armor U - an [uncursed] scroll labeled ELAM EBOW [of flood] Rings n - an [uncursed] gold ring [of fire resistance] y - an [uncursed] wooden ring [of sustain ability] D - a [cursed] chrysoberyl ring [of teleportation] Wands m - an [uncursed] electrum wand [of undead turning (0:4)] F - a [cursed] wand of digging [0:0] W - an [uncursed] wand of make invisible [0:7] Tools k - an uncursed expensive camera (0:86) l - an uncursed credit card q - an [uncursed wax] candle t - an [uncursed] towel O - an [uncursed] key [skeleton key] Y - 2 [uncursed tallow] candles Gems f - an [uncursed] red gem [worthless glass] r - an [uncursed] red gem [garnet] V - 2 [uncursed] white gems [worthless glass] Spells known in the end: Name Level Category Fail Memory Your skills at the end: Fighting Skills Weapon Skills dagger [Basic / Expert] dart [Skilled / Expert] Spellcasting Skills Final Attributes: You were piously aligned. Hunger level was 1113. Your alignment was 29 / 29. Monster difficulty range was 1 - 6. Level difficulty was 6. You resisted poison. You were telepathic. You were held by a rope golem. You were lucky (1). You are dead. Vanquished creatures: a large mimic 2 small mimics a dingo a snake a mountain nymph a pony a yellow light a gnome lord 2 elf zombies a paper golem 3 giant ants a little dog 2 floating eyes a kitten 3 dwarves a homunculus 2 hill orcs a giant bat a werejackal 5 iguanas 3 killer bees a hobbit a hobgoblin 2 cave spiders a yellow mold 10 gnomes a gnome zombie 2 geckos 6 jackals a kobold 2 goblins 4 sewer rats 4 grid bugs 4 lichens 8 newts 82 creatures vanquished. Voluntary challenges: You were an atheist. You used a wielded weapon 111 times. You read items or engraved 8 times. You put on armor 14 times. You never genocided any monsters. You never polymorphed an object. You changed form 1 time. You used no wishes. You wrote Elbereth's name 5 times. You encountered 1 bones level. You never used any Sokoban shortcuts. Dungeon overview: The Dungeons of Doom: levels 1 to 6 Level 1 a long staircase Level 2 a general store portal to Advent Calendar Level 3 a delicatessen stairs to The Gnomish Mines Level 4 some fountains Level 6 <- You were here The Gnomish Mines: Level 4 stairs to The Dungeons of Doom Advent Calendar: Level 2 many trees portal to The Dungeons of Doom History has recorded: On T:1 you entered the Dungeons of Doom to retrieve the Amulet of Yendor! On T:576 you reached level 2 of The Dungeons of Doom. On T:598 you reached level 1 of Advent Calendar. On T:821 you advanced to experience level 2. On T:1069 you advanced to experience level 3. On T:1133 you advanced to experience level 4. On T:1254 you advanced to experience level 5. On T:1334 you reached level 3 of The Dungeons of Doom. On T:1818 you advanced to experience level 6. On T:1969 you reached level 4 of The Dungeons of Doom. On T:2310 you reached level 5 of The Dungeons of Doom. On T:2810 you advanced to experience level 7. On T:3134 you reached level 1 of The Gnomish Mines. On T:3725 you lost a bag of holding in a magical explosion. Latest messages: Reel's ghost touches you! The rope golem hits! (2x) You are being choked. [HP-7=15] You are being held, and cannot go up. The rope golem hits! The rope golem just misses! You are being choked. [HP-7=8] You are being held, and cannot go up. The rope golem hits! The rope golem misses. You are being choked. [HP-6=2] You don't have anything to drink. Reel's ghost touches you! The rope golem misses. (2x) You are being choked. You die... Final status: Aloha Arrhythmia the Tourist... You died in The Dungeons of Doom on dungeon level 6 with 4813 points, and 1042 pieces of gold, after 3943 moves. You were level 7 with a maximum of 58 hit points when you died.